 Dungeon Crawl Stone Soup version 0.25.0-3-gd7cc5688da (webtiles) character file.

Game seed: 2159990416007607984

493037 HungrySpirit the Divine Blade (level 22, -2/181 HPs)
             Began as a Demigod Warper on June 15, 2020.
             Slain by an acid blob (4 damage)
             ... on level 5 of the Pits of Slime.
             The game lasted 03:56:07 (79402 turns).

HungrySpirit the Divine Blade (Demigod Warper)     Turns: 79402, Time: 03:56:08

Health: -2/181     AC:  6    Str: 28    XL:     22   Next: 84%
Magic:  30/30      EV: 21    Int: 14    God:
Gold:   4169       SH: 25    Dex: 21    Spells: 24/24 levels left

rFire    + + .     SeeInvis +   g - +9 demon blade (vamp)
rCold    + + +     Gourm    .   b - +5 kite shield of Focus {rPois Regen+ Str+2 SInv}
rNeg     . . .     Faith    .   v - +8 fire dragon scales
rPois    +         Spirit   .   n - +0 helmet of a treasure trove {Int+3}
rElec    .         Reflect  +   w - scarf {rC+ rF+}
rCorr    +         Harm     .   r - +1 pair of gloves of the Hall of Blades {Dex+4}
MR       +++..     Rnd*Rage +   (no boots)
Stlth    ..........             j - amulet of reflection
HPRegen  0.80/turn              M - ring of protection from magic
MPRegen  0.22/turn              A - ring "Nogoih" {rPois rF- rC+++ rCorr Int-4}

@: corroded, berserk cooldown, very slightly contaminated, slowed, studying
Armour, invisible, very slow
A: fangs 1, agile 1, berserk 2, blurry vision 1, deterioration 1, dopey 1, frail
1, high mp 1, weak 1, subdued magic 2
}: 2/15 runes: barnacled, gossamer
a: no special abilities


You were on level 5 of the Pits of Slime.
You were full.

You visited 9 branches of the dungeon, and saw 49 of its levels.
You visited the Abyss 4 times.
You also visited: Ice Cave.

You collected 6897 gold pieces.
You spent 2728 gold pieces at shops.

Inventory:

Hand Weapons
 g - a +9 vampiric demon blade (weapon)
 N - a +1 long sword of flaming
 Z - a +0 double sword
Missiles
 R - a curare-tipped dart (quivered)
Armour
 a - +0 gold dragon scales
 b - the +5 kite shield of Focus (worn) {rPois Regen+ Str+2 SInv}
   (You acquired it on level 3 of the Lair of Beasts)

   It affects your strength (+2).
   It protects you from poison.
   It lets you see invisible.
   It increases your rate of regeneration.
 n - the +0 helmet of a treasure trove (worn) {Int+3}
   (You found it on level 3 of the Elven Halls)

   It affects your intelligence (+3).
 r - the +1 pair of gloves of the Hall of Blades (worn) {Dex+4}
   (You found it on level 3 of the Elven Halls)

   It affects your dexterity (+4).
 v - +8 fire dragon scales (worn)
 w - a scarf of resistance (worn)
Jewellery
 e - an uncursed amulet of regeneration
 h - an uncursed ring of fire
 j - an amulet of reflection (around neck)
 A - the ring "Nogoih" (right hand) {rPois rF- rC+++ rCorr Int-4}
   (You bought it in a shop on level 2 of the Orcish Mines)

   [ring of resist corrosion]

   It affects your intelligence (-4).
   It makes you vulnerable to fire.
   It renders you almost immune to cold.
   It protects you from poison.
   It provides partial protection from all sources of acid and corrosion.
 E - an uncursed ring of positive energy
 M - a ring of protection from magic (left hand)
 S - the ring of Naxulaul {Fire +Fly rElec}
   (You bought it in a shop on level 2 of the Orcish Mines)

   [ring of fire]

   It enhances your fire magic.
   It protects you from fire.
   It makes you vulnerable to cold.
   It insulates you from electricity.
   It lets you fly.
 W - the ring "Ikhaish" {rElec Int+2 Dex-5 Stlth+}
   (You found it on level 1 of the Depths)

   [ring of stealth]

   It affects your intelligence (+2).
   It affects your dexterity (-5).
   It insulates you from electricity.
   It makes you more stealthy.
 Y - the ring "Oliul" {rC+ MP+9 Int+4 SInv}
   (You found it on level 13 of the Dungeon)

   [ring of protection from cold]

   It affects your intelligence (+4).
   It protects you from cold.
   It affects your magic capacity (+9).
   It lets you see invisible.
Wands
 d - a wand of iceblast (22)
 x - a wand of clouds (16)
 B - a wand of digging (7)
 C - a wand of acid (14)
 H - a wand of paralysis (7)
Scrolls
 c - 5 scrolls of fear
 i - 24 scrolls of remove curse
 l - 5 scrolls of blinking
 p - 15 scrolls of teleportation
 q - 6 scrolls of fog
 s - 3 scrolls of enchant weapon
 G - a scroll of brand weapon
 J - 7 scrolls of identify
 P - a scroll of vulnerability
 T - a scroll of holy word
 X - a scroll of magic mapping
Potions
 k - 11 potions of brilliance
 m - 5 potions of stabbing
 o - a potion of invisibility
 t - 5 potions of magic
 D - 6 potions of lignification
 I - 3 potions of heal wounds
 K - a potion of resistance
 L - 15 potions of curing
 O - 2 potions of flight
 Q - 4 potions of ambrosia
 V - a potion of mutation
Books
 z - a manual of Armour
Miscellaneous
 u - a phantom mirror
 y - a lightning rod (4/4)
 F - a tin of tremorstones (2/3)
Comestibles
 f - 43 rations


   Skills:
 + Level 18.1 Fighting
   Level 9.7(17.1) Short Blades
 * Level 21.8(22.3) Long Blades
 - Level 0.8 Throwing
 + Level 16.8 Armour
 + Level 13.5 Dodging
 - Level 15.0 Shields
 - Level 1.7 Spellcasting
   Level 2.6 Translocations
 - Level 5.0 Evocations


You had 24 spell levels left.
You didn't know any spells.
Your spell library contained the following spells:

 Spells                   Type           Power        Failure   Level  Hunger
 Apportation              Tloc           #.....       11%         1    ##.....
 Blink                    Tloc           N/A          16%         2    ###....
 Shroud of Golubria       Chrm/Tloc      #.....       28%         2    ###....
 Animate Skeleton         Necr           N/A          32%         1    ##.....
 Corona                   Hex            #......      32%         1    ##.....
 Foxfire                  Conj/Fire      #...         32%         1    ##.....
 Freeze                   Ice            #...         32%         1    ##.....
 Infusion                 Chrm           #...         32%         1    ##.....
 Pain                     Necr           #...         32%         1    ##.....
 Shock                    Conj/Air       #...         32%         1    ##.....
 Summon Butterflies       Summ           #.......     32%         1    ##.....
 Summon Small Mammal      Summ           #...         32%         1    ##.....
 Gell's Gravitas          Tloc           #.........   32%         3    ####...
 Lesser Beckoning         Tloc           #.........   32%         3    ####...
 Teleport Other           Tloc           #.......     32%         3    ####...
 Call Imp                 Summ           #.......     47%         2    ###....
 Ensorcelled Hibernation  Hex/Ice        #.....       47%         2    ###....
 Passwall                 Tmut/Erth      #.......     47%         2    ###....
 Poisonous Vapours        Pois/Air       #.....       47%         2    ###....
 Song of Slaying          Chrm           #.......     47%         2    ###....
 Swiftness                Chrm/Air       #.......     47%         2    ###....
 Recall                   Summ/Tloc      N/A          52%         3    ####...
 Call Canine Familiar     Summ           #.......     73%         3    ####...
 Confusing Touch          Hex            #.......     73%         3    ####...
 Conjure Flame            Conj/Fire      #.......     73%         3    ####...
 Dazzling Flash           Conj/Hex       #.....       73%         3    ####...
 Frozen Ramparts          Ice            #.....       73%         3    ####...
 Ignite Poison            Fire/Tmut/Pois #.......     73%         3    ####...
 Inner Flame              Hex/Fire       #.......     73%         3    ####...
 Mephitic Cloud           Conj/Pois/Air  #.......     73%         3    ####...
 Ozocubu's Armour         Chrm/Ice       #.......     73%         3    ####...
 Spectral Weapon          Hex/Chrm       #.......     73%         3    ####...
 Static Discharge         Conj/Air       #.......     73%         3    ####...
 Summon Guardian Golem    Hex/Summ       #.......     73%         3    ####...
 Tukima's Dance           Hex            #.......     73%         3    ####...
 Vampiric Draining        Necr           #.........   73%         3    ####...
 Passage of Golubria      Tloc           N/A          77%         4    #####..
 Iskenderun's Mystic Bla  Conj/Tloc      #.......     91%         4    #####..
 Airstrike                Air            #.........   98%         4    #####..
 Animate Dead             Necr           N/A          98%         4    #####..
 Cause Fear               Hex            #.........   98%         4    #####..
 Petrify                  Tmut/Erth      #.......     98%         4    #####..
 Sticky Flame             Conj/Fire      #.......     98%         4    #####..
 Summon Ice Beast         Ice/Summ       #.......     98%         4    #####..
 Summon Lightning Spire   Summ/Air       #.......     98%         4    #####..
 Summon Forest            Summ/Tloc      #.........   99%         5    ######.
 Agony                    Necr           #.......     100%        5    ######.
 Aura of Abjuration       Summ           #.........   100%        5    ######.
 Borgnjor's Vile Clutch   Necr/Erth      #.........   100%        5    ######.
 Fireball                 Conj/Fire      #.........   100%        5    ######.
 Lightning Bolt           Conj/Air       #.........   100%        5    ######.
 Metabolic Englaciation   Hex/Ice        #.........   100%        5    ######.
 Silence                  Hex/Air        #.........   100%        5    ######.
 Summon Demon             Summ           #.........   100%        5    ######.
 Summon Mana Viper        Hex/Summ       #.......     100%        5    ######.
 Yara's Violent Unravell  Hex/Tmut       #.........   100%        5    ######.
 Darkness                 Hex            #.........   100%        6    #######
 Freezing Cloud           Conj/Ice/Air   #.........   100%        6    #######
 Iron Shot                Conj/Erth      #.........   100%        6    #######
 Shadow Creatures         Summ           N/A          100%        6    #######
 Starburst                Conj/Fire      #.........   100%        6    #######
 Ring of Flames           Chrm/Fire      #.........   100%        7    #######
 Discord                  Hex            #.........   100%        8    #######
 Ignition                 Fire           #.........   100%        8    #######


Dungeon Overview and Level Annotations

Branches:
Dungeon (15/15)            Temple (0/1) D:5            Lair (6/6) D:9
 Shoals (4/4) Lair:3       Spider (4/4) Lair:4        Slime (5/5) Lair:6
    Orc (2/2) D:9             Elf (3/3) Orc:2        Vaults (5/5) D:13
  Crypt (0/3) Vaults:3     Depths (5/5) D:15            Zot (0/5) Depths:5
  IceCv (visited)

Shops:
D:6 :   D:7 }   D:12 =   Orc:2 [=(*[   Elf:1 :   Elf:3 ((?*   Shoals:3 ?
Vaults:4 *   Depths:5 (

Portals:
Hell: Depths:1 Depths:2 Depths:3 Depths:4 Depths:5
Abyss: Depths:2 Depths:4
Pandemonium: Depths:2 Depths:3
Ziggurat: Depths:1
Trove: Vaults:4 (give +3 fire dragon scales)

Annotations:
D:4 Menkaure
Lair:4 exclusion: oklob plant
Lair:5 1 runed translucent door, Hairutzoic's ghost, journeyman MiBe
Shoals:2 2 transporters
Shoals:4 Roxanne
Elf:3 Ewetirimn's ghost, adept MiBe
Depths:2 exclusion: 2 ice statues
Depths:4 1 runed translucent door, Fuofotem's ghost, adept TrMo


Innate Abilities, Weirdness & Mutations

You have an increased reservoir of magic. (+10% MP)
You have very sharp teeth.
You are agile. (Dex +2)
You often lose your temper in combat.
Scrolls take you a little longer to read.
Your body sometimes deteriorates upon taking damage.
You are dopey. (Int -2)
You are frail. (-10% HP)
You are weak. (Str -2)
Your spells are easier to cast, but less powerful.


Message History

Okay, then.
Evoke which item? (* to show all) (? for menu, Esc to quit)
The tremorstone explodes into fragments!
The burst of rock shards engulfs the azure jelly!
The burst of rock shards engulfs the death ooze!
The burst of rock shards engulfs you!
* * * LOW HITPOINT WARNING * * *
The burst of rock shards engulfs the azure jelly!!
The burst of rock shards engulfs the azure jelly!
The burst of rock shards engulfs the acid blob!!
The burst of rock shards engulfs the azure jelly!!
The burst of rock shards engulfs the death ooze!
The slime creature quivers.
You block the acid blob's attack. x4
The acid blob spits acid at you.
The splash of acid hits you but does no damage.
You resist. The acid corrodes you!
You are splashed with acid.
You resist.
* * * LOW HITPOINT WARNING * * *
The acid blob hits you.
You die...

..................
..................
..................
..................
..................
.........JJJ......
........JJJJ......
.....#.##J#J##....
...######@### ....
..# #JJ# ... #J##
#. #JJ# .J.#[
....##$)
#)..##:#)(#
#.....######
.J.#._..#...#


You could see 3 acid blobs, 8 azure jellies and a death ooze.

Vanquished Creatures
  the Royal Jelly (Slime:5)
  A juggernaut (Depths:5)
  Sojobo (Vaults:4)
  Saint Roka (Vaults:2)
  Margery (Vaults:2)
  4 golden dragons
  Nikola (Spider:3)
  Jory (Vaults:2)
  A tentacled monstrosity (Depths:4)
  An Ice Fiend (Depths:2)
  Rupert (D:15)
  2 liches
  Jorgrun (D:13)
  3 deep elf blademasters
  2 deep elf master archers (Elf:3)
  18 acid blobs
  A tentacled starspawn (Abyss:2)
  Gastronok (Lair:2)
  A shadow dragon (Depths:5)
  5 sphinxes
  Kirke (Lair:3)
  A storm dragon (Depths:5)
  2 tengu reavers (Vaults:4)
  Donald (Shoals:3)
  Agnes (Elf:1)
  4 azure jellies
  5 fire giants
  4 ghost moths (Spider:4)
  7 frost giants
  5 emperor scorpions
  Louise (Depths:4)
  An orc warlord (Orc:2)
  3 deep elf sorcerers
  3 vault wardens
  A juggernaut zombie (Depths:2)
  Aizul (Shoals:3)
  15 very ugly things
  5 deep elf elementalists (Elf:3)
  A caustic shrike skeleton (Depths:2)
  12 ironheart preservers
  11 stone giants
  3 vampire knights
  3 entropy weavers
  8 deep elf annihilators
  11 deep elf demonologists
  2 green draconians
  A yellow draconian (Depths:5)
  A lorocyproca (Depths:2)
  A red draconian (Depths:4)
  6 spark wasps
  7 deep elf death magi
  A white draconian (IceCv)
  9 ettins
  A crystal guardian (Vaults:4)
  8 yaktaur captains
  2 deep elf high priests (Elf:3)
  5 merfolk impalers
  4 death oozes
  2 fire dragons
  4 merfolk javelineers
  10 great orbs of eyes
  5 hydras
  4 rakshasas
  5 ice dragons
  A catoblepas (D:13)
  7 vault guards
  A hell beast (Depths:5)
  A spriggan air mage (Depths:2)
  A merfolk avatar (Shoals:4)
  7 centaur warriors
  7 ogre magi
  2 death knights (Vaults:3)
  20 two-headed ogres
  A queen ant (Lair:3)
  A satyr (Shoals:3)
  7 merfolk aquamancers
  25 dancing weapons
  9 deep troll earth magi
  13 deep troll shamans
  3 vampire magi
  Urug (Lair:4)
  A titan zombie (Vaults:4)
  A spriggan berserker (Depths:5)
  A tengu warrior (Depths:4)
  8 orc high priests
  22 hell knights
  2 soul eaters
  A sun demon (Depths:5)
  23 deep elf knights
  Sonja (Orc:1)
  4 skeletal warriors
  9 iron trolls
  10 sea snakes
  A spark wasp zombie (Depths:1)
  A shadow wraith (Vaults:4)
  A spatial maelstrom (Abyss:2)
  36 deep trolls
  3 glowing orange brains
  A torturous demonspawn (Depths:2)
  3 flayed ghosts
  A golden dragon zombie (Depths:3)
  An infernal demonspawn (Depths:2)
  6 unseen horrors
  A shadow dragon zombie (Depths:3)
  13 deep elf archers
  12 ironbrand convokers
  55 deep elf magi
  10 wizards
  22 orc knights
  Pikel (D:5)
  2 sphinx zombies (Depths:3)
  8 fauns
  23 orb spiders
  2 iron dragon zombies (Depths:3)
  11 necromancers
  13 harpies
  A wolf spider zombie (D:14)
  41 ugly things
  34 wolf spiders
  6 shining eyes
  6 cyclopes
  13 manticores
  4 orc sorcerers
  A frost giant zombie (Depths:3)
  A fire giant zombie (Depths:3)
  8 black mambas
  2 moths of wrath
  A stone giant skeleton (Depths:2)
  A cyclops (shapeshifter) (Depths:3)
  A worldbinder (Abyss:2)
  8 elephants
  5 water nymphs
  A guardian serpent (Lair:6)
  9 merfolk sirens
  2 ice statues (IceCv)
  10 vault sentinels
  5 centaur zombies
  3 rust devils
  15 spiny frogs
  2 eyes of devastation
  A gargoyle (D:10)
  A komodo dragon (shapeshifter) (Vaults:4)
  13 demonic crawlers
  2 ice devils
  3 rime drakes
  A rime drake (shapeshifter) (Depths:4)
  7 freezing wraiths
  6 komodo dragons
  An ancient zyme (Abyss:2)
  29 yaktaurs
  22 polar bears
  4 guardian mummies
  4 wind drakes
  A tengu conjurer (Depths:5)
  40 jumping spiders
  16 merfolk
  A hornet (shapeshifter) (Vaults:4)
  13 trolls
  14 hornets
  2 deep troll zombies (D:15)
  23 blink frogs
  5 snapping turtles (Shoals:4)
  82 slime creatures
  6 dream sheep (Lair:6)
  A spriggan zombie (D:15)
  A raiju (Abyss:2)
  11 hippogriffs
  A meliai zombie (D:14)
  10 water elementals
  An air elemental (Elf:3)
  6 starcursed masses (Abyss:2)
  4 wraiths
  14 wyverns
  An elf zombie (Depths:3)
  A hog (shapeshifter) (Depths:2)
  A ynoxinul (Abyss:2)
  73 redbacks
  40 yaks
  2 shadows (D:15)
  28 tarantellas
  A vampire (D:9)
  Eustachio (D:5)
  5 hogs
  4 fire elementals
  3 basilisks
  2 hungry ghosts
  7 large abominations (Abyss:2)
  9 humans
  14 golden eyes
  A chaos spawn (Depths:2)
  2 spatial vortices (Abyss:2)
  4 neqoxecs (Abyss:2)
  2 tengu zombies
  A warg (shapeshifter) (Vaults:3)
  5 wargs
  4 acid dragons
  23 water moccasins
  17 soldier ants
  A tengu skeleton (D:15)
  12 porcupines
  4 hell hounds (Abyss:2)
  67 orc warriors
  A deep troll simulacrum (Depths:1)
  7 ice beasts
  6 black bears
  4 necrophages
  2 sky beasts
  4 eyes of draining
  15 ogres
  4 phantoms
  14 boggarts
  45 wolves
  An ogre (shapeshifter) (Depths:4)
  20 centaurs
  4 small abominations
  17 crocodiles
  3 human zombies (Vaults:4)
  2 big kobolds
  13 bullfrogs
  2 gnoll sergeants
  3 earth elementals
  A wyvern zombie (D:3)
  2 wyvern skeletons
  3 scorpions
  28 killer bees
  15 wights
  5 electric eels
  5 howler monkeys
  6 crimson imps
  6 quasits
  A bullfrog zombie (D:7)
  3 bullfrog skeletons
  10 hounds
  28 orc priests
  3 centaur skeletons
  33 orc wizards
  5 iguanas
  3 iron imps
  7 jellies
  A human skeleton (Abyss:2)
  Terence (D:2)
  35 worker ants
  A killer bee zombie (D:10)
  A hound zombie (D:10)
  A hound skeleton (D:6)
  9 mummies (Depths:3)
  A howler monkey zombie (D:11)
  A howler monkey skeleton (D:6)
  9 adders
  15 gnolls
  7 shadow imps
  2 white imps
  An ufetubus (Abyss:2)
  2 oozes
  An adder zombie (D:2)
  A worm (D:2)
  A dart slug (D:1)
  10 leopard geckos
  119 orcs
  4 giant cockroaches
  15 goblins
  6 hobgoblins
  20 jackals
  6 quokkas
  3 bats
  4 frilled lizards
  13 kobolds
  2 quokka skeletons
  9 rats
  4 plants (Shoals:3)
  A starspawn tentacle (Abyss:2)
2151 creatures vanquished.

Vanquished Creatures (collateral kills)
  A spriggan skeleton (Depths:1)
1 creature vanquished.

Vanquished Creatures (others)
  A fire giant (Depths:5)
  A deep elf annihilator (Elf:3)
  Snorg (D:13)
  A rakshasa (Depths:4)
  A vault guard (D:13)
  2 deep elf magi
  A wolf spider (Spider:3)
  Joseph (D:7)
  2 yaktaurs (Vaults:1)
  A jumping spider (Spider:3)
  2 humans (Lair:4)
  A slave (D:5)
  Ijyb (D:4)
  An orc wizard (D:5)
  A leopard gecko (D:7)
  An orc (D:5)
  A fire vortex (Depths:4)
  56 fungi
  34 plants
  A starspawn tentacle (Abyss:2)
111 creatures vanquished.

Grand Total: 2263 creatures vanquished

Notes
Turn   | Place    | Note
-------+----------+-------------------------------------------
     0 | D:1      | HungrySpirit the Demigod Warper began the quest for the
                  | Orb.
     0 | D:1      | Reached XP level 1. HP: 17/17 MP: 5/5
    70 | D:1      | Reached skill level 1 in Armour
   664 | D:1      | Reached XP level 2. HP: 15/24 MP: 7/7
  1375 | D:2      | Reached XP level 3. HP: 21/29 MP: 8/8
  2160 | D:2      | Found a burning altar of Makhleb.
  2791 | D:3      | Reached XP level 4. HP: 33/37 MP: 9/9
  3484 | D:3      | Noticed Terence
  3535 | D:2      | Killed Terence
  3535 | D:2      | Reached XP level 5. HP: 21/45 MP: 10/10
  5049 | D:4      | Reached XP level 6. HP: 34/51 MP: 11/11
  5172 | D:4      | Noticed Menkaure
  5747 | D:4      | Reached skill level 1 in Shields
  5782 | D:4      | Reached skill level 5 in Short Blades
  5846 | D:4      | Found a blossoming altar of Fedhas.
  5846 | D:4      | Found a stormy altar of Qazlal.
  6011 | D:4      | Noticed Ijyb
  6024 | D:4      | Killed Ijyb
  6024 | D:4      | Reached XP level 7. HP: 58/58 MP: 12/12
  6227 | D:5      | Entered Level 5 of the Dungeon
  6580 | D:5      | Noticed Eustachio
  6603 | D:5      | Killed Eustachio
  6638 | D:5      | Noticed Pikel
  6672 | D:5      | Killed Pikel
  6672 | D:5      | Reached XP level 8. HP: 60/66 MP: 13/13
  6912 | D:5      | Found a staircase to the Ecumenical Temple.
  7269 | D:6      | Identified the Papyrus of Calling
  7531 | D:6      | Reached skill level 5 in Fighting
  9016 | D:6      | Found Lufen's Book Shop.
  9135 | D:6      | Reached skill level 5 in Armour
  9304 | D:7      | Found Jikloh's Gadget Shoppe.
  9307 | D:7      | Bought a wand of paralysis (10) for 156 gold pieces
  9307 | D:7      | Bought a wand of paralysis (13) for 195 gold pieces
  9308 | D:7      | Found a shimmering altar of Xom.
  9767 | D:6      | Reached XP level 9. HP: 73/74 MP: 14/14
 10385 | D:7      | Killed Joseph
 11787 | D:7      | Found a white marble altar of Elyvilon.
 11988 | D:8      | Found a radiant altar of Vehumet.
 12188 | D:8      | Found a shattered altar of Ashenzari.
 12375 | D:8      | You fall into a shaft and drop 2 floors!
 12375 | D:10     | Entered Level 10 of the Dungeon
 13210 | D:10     | Reached skill level 1 in Long Blades
 13264 | D:10     | Reached XP level 10. HP: 22/84 MP: 15/15
 13815 | D:10     | Reached skill level 2 in Long Blades
 14465 | D:10     | Reached skill level 3 in Long Blades
 14468 | D:10     | Reached skill level 1 in Evocations
 14790 | D:9      | Reached skill level 4 in Long Blades
 16355 | D:8      | Found a hazy altar of Hepliaklqana.
 16421 | D:9      | Reached skill level 5 in Long Blades
 16646 | D:9      | Reached XP level 11. HP: 93/93 MP: 17/17
 17379 | D:9      | Found a staircase to the Lair.
 18089 | D:9      | Found a staircase to the Orcish Mines.
 18182 | Lair:1   | Entered Level 1 of the Lair of Beasts
 18301 | Lair:1   | Reached skill level 6 in Long Blades
 19932 | Lair:1   | Reached skill level 7 in Long Blades
 21083 | Lair:2   | Noticed Gastronok
 21108 | Lair:2   | Killed Gastronok
 21108 | Lair:2   | Reached skill level 5 in Evocations
 21108 | Lair:2   | Reached XP level 12. HP: 75/103 MP: 19/19
 21582 | Lair:2   | Reached skill level 8 in Long Blades
 22351 | Lair:3   | Found a staircase to the Shoals.
 22498 | Lair:2   | Reached skill level 5 in Dodging
 22951 | Lair:3   | Reached skill level 9 in Long Blades
 25106 | Lair:3   | Reached skill level 10 in Long Blades
 25350 | Lair:3   | Identified 2 scrolls of acquirement
 25353 | Lair:3   | Got the +5 kite shield of Focus {rPois Regen+ Str+2 SInv}
 25447 | Lair:4   | Noticed Kirke
 25572 | Lair:4   | Found a hole to the Spider Nest.
 25623 | Lair:4   | Reached XP level 13. HP: 109/113 MP: 20/20
 25715 | Lair:3   | Killed Kirke
 25767 | Lair:4   | Reached skill level 10 in Fighting
 25783 | Lair:4   | Reached skill level 5 in Shields
 25837 | Lair:4   | Noticed Urug
 25860 | Lair:4   | Killed Urug
 25891 | Lair:4   | Found a bloodstained altar of Trog.
 26125 | Lair:4   | Found a blossoming altar of Fedhas.
 26824 | Lair:5   | Reached skill level 10 in Armour
 27159 | Lair:5   | Found a runed translucent door.
 27160 | Lair:5   | Noticed Hairutzoic's ghost (journeyman MiBe)
 27453 | Lair:6   | Entered Level 6 of the Lair of Beasts
 27528 | Lair:6   | Reached skill level 11 in Long Blades
 28377 | Lair:6   | Found a staircase to the Slime Pits.
 29069 | Orc:1    | Entered Level 1 of the Orcish Mines
 29140 | Orc:1    | Noticed Sonja
 29156 | Orc:1    | Killed Sonja
 29166 | Orc:1    | Reached XP level 14. HP: 122/122 MP: 21/21
 29203 | Orc:1    | Found a frozen archway.
 29209 | IceCv    | Entered an ice cave
 29662 | IceCv    | Reached skill level 12 in Long Blades
 30860 | Orc:2    | Entered Level 2 of the Orcish Mines
 31410 | Orc:2    | Found Gipirch's Antique Weapon Shop.
 31454 | Orc:2    | Found a staircase to the Elven Halls.
 31534 | Orc:2    | Found Massyol's Antique Armour Shoppe.
 31983 | Orc:2    | Found Getribre's Antique Armour Emporium.
 32057 | Orc:2    | Found Plog's Jewellery Emporium.
 32184 | Orc:2    | Found Inisew's General Store.
 32256 | Orc:2    | Bought a potion of ambrosia for 136 gold pieces
 32256 | Orc:2    | Bought a scroll of fog for 34 gold pieces
 32429 | Orc:2    | Noticed an orc warlord
 32449 | Orc:2    | Killed an orc warlord
 32502 | Orc:2    | Bought the ring "Nogoih" {rPois rF- rC+++ rCorr Int-4} for
                  | 762 gold pieces
 32502 | Orc:2    | Bought the ring of Naxulaul {Fire +Fly rElec} for 616 gold
                  | pieces
 33127 | D:12     | Reached skill level 13 in Long Blades
 33138 | D:12     | Found Fivvudgho's Jewellery Boutique.
 33647 | D:13     | Killed Snorg
 33679 | D:13     | Cast into level 2 of the Abyss (a wizard)
 33872 | D:13     | Escaped the Abyss
 33890 | D:13     | Identified Sif Muna's Compendium of Sand
 34006 | D:13     | Got a clouded tin ring
 34312 | D:13     | Identified the Incunabulum of Plaster Cramp
 34319 | D:13     | Identified Ts'ui PĂȘn's Catalogue of Forking Paths
 34469 | D:13     | Reached XP level 15. HP: 130/130 MP: 22/22
 34573 | D:13     | Found a gate to the Vaults.
 35128 | D:14     | Noticed Jorgrun
 35387 | Spider:1 | Entered Level 1 of the Spider Nest
 36103 | Spider:1 | Reached skill level 14 in Long Blades
 37024 | Spider:2 | Reached skill level 10 in Shields
 37173 | Spider:2 | Identified the ring "Oliul" {rC+ MP+9 Int+4 SInv} (You
                  | found it on level 13 of the Dungeon)
 38552 | Spider:3 | Noticed Nikola
 38583 | Spider:3 | Killed Nikola
 38714 | Spider:3 | Reached XP level 16. HP: 141/141 MP: 23/23
 39088 | Spider:4 | Entered Level 4 of the Spider Nest
 39476 | Spider:4 | Reached skill level 15 in Long Blades
 42607 | Spider:4 | Got a gossamer rune of Zot
 42929 | Vaults:1 | Entered Level 1 of the Vaults
 44525 | Vaults:1 | Reached skill level 16 in Long Blades
 45091 | Vaults:1 | Reached XP level 17. HP: 139/150 MP: 24/24
 45655 | Vaults:2 | Noticed Margery
 45925 | Shoals:1 | Entered Level 1 of the Shoals
 46736 | Shoals:2 | Found a transporter.
 46812 | Shoals:2 | Found a transporter.
 47140 | Shoals:3 | Noticed Donald
 47928 | Shoals:4 | Entered Level 4 of the Shoals
 48069 | Shoals:3 | Killed Donald
 48164 | Shoals:3 | Noticed Aizul
 48193 | Shoals:3 | Killed Aizul
 48274 | Shoals:3 | Found the ring of Shadows {Umbra +Inv Stlth+}
 48351 | Shoals:3 | Found Olucaxi's Magic Scroll Emporium.
 48421 | Shoals:3 | Bought a scroll of blinking for 120 gold pieces
 48421 | Shoals:3 | Bought a scroll of fear for 56 gold pieces
 48421 | Shoals:3 | Bought a scroll of fear for 56 gold pieces
 48421 | Shoals:3 | Bought a scroll of vulnerability for 120 gold pieces
 50227 | Shoals:4 | Noticed Roxanne
 50639 | Shoals:4 | Reached skill level 17 in Long Blades
 50748 | Shoals:4 | Got a barnacled rune of Zot
 51064 | D:13     | Killed Jorgrun
 51594 | D:15     | Entered Level 15 of the Dungeon
 51793 | D:15     | Found a staircase to the Depths.
 52071 | D:15     | Found a sacrificial altar of Ru.
 52102 | D:15     | Noticed Rupert
 52124 | D:15     | Killed Rupert
 52434 | Depths:1 | Entered Level 1 of the Depths
 52500 | Depths:1 | Reached XP level 18. HP: 160/160 MP: 25/25
 53230 | Depths:1 | Got a translucent lapis lazuli ring
 53231 | Depths:1 | Identified the ring "Ikhaish" {rElec Int+2 Dex-5 Stlth+}
                  | (You found it on level 1 of the Depths)
 53457 | Depths:1 | Found a gateway to Hell.
 53541 | Depths:1 | Found a gateway to a ziggurat.
 53939 | Depths:2 | Found a corrupted altar of Lugonu.
 53939 | Depths:2 | Found a one-way gate to the infinite horrors of the Abyss.
 55654 | Depths:1 | Reached skill level 18 in Long Blades
 56620 | Depths:2 | Noticed a golden dragon
 56638 | Depths:2 | Killed a golden dragon
 56765 | Depths:2 | Noticed a Hell Sentinel
 57367 | Depths:2 | Found a one-way gate leading to the halls of Pandemonium.
 57453 | Depths:2 | Reached XP level 19. HP: 148/169 MP: 27/27
 58483 | Depths:3 | Noticed a greater mummy
 59967 | Depths:4 | Reached skill level 15 in Fighting
 60313 | Depths:4 | Noticed Louise
 60356 | Depths:4 | Killed Louise
 60477 | Depths:4 | Reached skill level 15 in Armour
 60931 | Depths:4 | Found a runed translucent door.
 60934 | Depths:4 | Noticed Fuofotem's ghost (adept TrMo)
 61102 | Depths:5 | Entered Level 5 of the Depths
 61168 | Depths:5 | Noticed a golden dragon
 61330 | Depths:4 | Killed a golden dragon
 61330 | Depths:4 | Reached skill level 19 in Long Blades
 62207 | Depths:5 | Found Keusim's Weapon Boutique.
 62232 | Depths:5 | Noticed a juggernaut
 62253 | Depths:5 | Killed a juggernaut
 63033 | Depths:5 | Found a gate to the Realm of Zot.
 63035 | Depths:5 | Noticed a golden dragon
 63061 | Depths:5 | Reached XP level 20. HP: 166/179 MP: 28/28
 63078 | Depths:5 | Killed a golden dragon
 63111 | Depths:5 | Noticed a golden dragon
 63127 | Depths:5 | Killed a golden dragon
 64279 | Vaults:2 | Killed Margery
 64326 | Vaults:2 | Reached skill level 10 in Dodging
 64617 | Vaults:2 | Noticed Saint Roka
 64655 | Vaults:2 | Killed Saint Roka
 64827 | Vaults:2 | Reached skill level 15 in Shields
 65384 | Vaults:3 | Noticed Jory
 65681 | Elf:1    | Entered Level 1 of the Elven Halls
 65718 | Elf:1    | Found Lunepofeul's Book Emporium.
 66492 | Elf:1    | Identified Sif Muna's Incunabulum of Battle Magic
 66746 | Elf:1    | Noticed Agnes
 66751 | Elf:1    | Killed Agnes
 67732 | Elf:2    | Found a huge runed translucent gate.
 67732 | Elf:2    | Found a huge runed translucent gate.
 67732 | Elf:2    | Found a huge runed translucent gate.
 67732 | Elf:2    | Found a huge runed translucent gate.
 67735 | Elf:2    | Found a huge runed translucent gate.
 67849 | Elf:2    | Reached XP level 21. HP: 189/189 MP: 29/29
 68337 | Elf:3    | Entered Level 3 of the Elven Halls
 68446 | Elf:3    | Found Kuxiup's General Store.
 68460 | Elf:3    | Bought a scroll of fog for 34 gold pieces
 68460 | Elf:3    | Bought a potion of invisibility for 136 gold pieces
 68672 | Elf:3    | Found Zaigoddu's Antique Weapon Emporium.
 68679 | Elf:3    | Found a runed translucent gate.
 68679 | Elf:3    | Found a runed translucent gate.
 68679 | Elf:3    | Found a runed translucent gate.
 68683 | Elf:3    | Found Vem Siok's Magic Scroll Emporium.
 68683 | Elf:3    | Noticed Ewetirimn's ghost (adept MiBe)
 68691 | Elf:3    | Bought a scroll of fog for 40 gold pieces
 68691 | Elf:3    | Bought a scroll of fog for 40 gold pieces
 68691 | Elf:3    | Bought a scroll of magic mapping for 70 gold pieces
 68738 | Elf:3    | Found Qoopt's Weapon Boutique.
 69241 | Elf:3    | Reached skill level 20 in Long Blades
 69959 | Elf:3    | Identified the +9 morningstar of Vanity {holy, rN+ Int+9
                  | Dex-2}
 69959 | Elf:3    | Identified the cursed ring "Lomet" {AC-4 Str-2 Int+2 Dex+8}
 70059 | Elf:3    | Identified the +7 mace "Mirewn" {drain, +Blink Str-2 Dex+2}
 70930 | Elf:3    | Found the amulet of the Air {Inacc +Fly rElec EV+5 RMsl}
 70934 | Elf:3    | Found the +3 salamander hide armour {+Rage rF++}
 70936 | Elf:3    | Got a faintly humming helmet
 70937 | Elf:3    | Identified the +0 helmet of a treasure trove {Int+3} (You
                  | found it on level 3 of the Elven Halls)
 70953 | Elf:3    | Got a pair of slimy gloves
 70954 | Elf:3    | Identified the +1 pair of gloves of the Hall of Blades
                  | {Dex+4} (You found it on level 3 of the Elven Halls)
 70971 | Elf:3    | Identified Sif Muna's Grimoire of Freezing Talismans
 70974 | Elf:3    | Identified the cursed +0 kite shield of Meobeon {Dex+4}
                  | (You found it on level 3 of the Elven Halls)
 71536 | Elf:3    | Got a jewelled cloak
 71537 | Elf:3    | Identified the +0 cloak of Crawling {rC- Int+6} (You found
                  | it on level 3 of the Elven Halls)
 71934 | Vaults:2 | Killed Jory
 72771 | Vaults:3 | Cast into level 2 of the Abyss (a wizard)
 72818 | Vaults:3 | Escaped the Abyss
 73074 | Vaults:3 | Found a staircase to the Crypt.
 73114 | Vaults:3 | Paralysed by a vampire knight for 4 turns
 74488 | Vaults:4 | Found a portal to a secret trove of treasure.
 74650 | Vaults:4 | Noticed Sojobo
 75068 | Vaults:4 | Killed Sojobo
 75068 | Vaults:4 | Reached XP level 22. HP: 182/200 MP: 30/30
 75229 | Vaults:4 | Cast into level 2 of the Abyss (a deep elf sorcerer)
 75470 | Abyss:2  | Noticed an ancient lich
 75483 | Abyss:2  | Paralysed by accursed screaming for 1 turns
 75614 | Vaults:4 | Escaped the Abyss
 75649 | Vaults:4 | Reached skill level 21 in Long Blades
 75876 | Vaults:4 | Cast into level 2 of the Abyss (a deep elf demonologist)
 75880 | Abyss:2  | Found a corrupted altar of Lugonu.
 75929 | Vaults:4 | Escaped the Abyss
 76596 | Vaults:4 | Found Kobeeth's General Store.
 76606 | Vaults:4 | Bought a scroll of enchant weapon for 157 gold pieces
 77461 | Vaults:5 | Entered Level 5 of the Vaults
 77924 | Slime:1  | Entered Level 1 of the Pits of Slime
 78012 | Slime:1  | Gained mutation: Your spells are a little easier to cast,
                  | but a little less powerful. [a shining eye]
 78013 | Slime:1  | Gained mutation: Scrolls take you a little longer to read.
                  | [a shining eye]
 78120 | Slime:2  | Gained mutation: You are weak. (Str -2) [a shining eye]
 78437 | Slime:2  | Gained mutation: You are dopey. (Int -2) [a shining eye]
 78707 | Slime:3  | Gained mutation: You tend to lose your temper in combat. [a
                  | shining eye]
 78725 | Slime:3  | Gained mutation: Your body sometimes deteriorates upon
                  | taking damage. [a shining eye]
 78727 | Slime:3  | Gained mutation: You often lose your temper in combat. [a
                  | shining eye]
 78877 | Slime:4  | Gained mutation: Your spells are easier to cast, but less
                  | powerful. [a shining eye]
 78895 | Slime:5  | Entered Level 5 of the Pits of Slime
 79155 | Slime:5  | Found a viscous altar of Jiyva.
 79295 | Slime:5  | Noticed the Royal Jelly
 79363 | Slime:5  | Killed the Royal Jelly
 79401 | Slime:5  | Gained mutation: You are frail. (-10% HP) [potion of
                  | mutation]
 79401 | Slime:5  | Gained mutation: You are agile. (Dex +2) [potion of
                  | mutation]
 79401 | Slime:5  | Gained mutation: You have very sharp teeth. [potion of
                  | mutation]
 79402 | Slime:5  | HP: 6/181 [shot self (10)]
 79402 | Slime:5  | HP: 2/181 [acid (5)]
 79402 | Slime:5  | Slain by an acid blob

Illustrated notes

Levels and vault maps discovered:
D:1:      onia_arrival_mini_maze, layout_loops_cross
D:2:      layout_loops_corners, bloody_makhleb, minmay_tripent
D:3:      layout_basic, uniq_terence
D:4:      kennysheep_goblin_castle, layout_basic,
          grunt_temple_overflow_forces_of_nature, first_ration, uniq_menkaure
D:5:      layout_rooms, minmay_temple_entry_waves, uniq_pikel, uniq_eustachio
D:6:      layout_loops_ring, serial_shops, nicolae_shop_stone
D:7:      layout_rooms, kennysheep_mini, serial_shops, nicolae_shop_crystal,
          xom_confusion_cloud, uniq_joseph
D:8:      wander_river, layout_loops_corners, vehumet_crystals,
          ashenzari_conservatory_becter, kennysheep_mini_moat, grunt_livestock,
          fungi_pond_lemuel
D:9:      layout_rooms, due_lair_maze_entry_diamond, david_orc_4
D:10:     layout_gridville
D:11:     layout_roguey
D:12:     layout_rooms, serial_shops, nicolae_shop_waterfront
D:13:     layout_basic, ximxim_vaults_locker_room, bh_hangedman_babel_library,
          uniq_snorg
D:14:     layout_basic, uniq_jorgrun
D:15:     gammafunk_depths_entry_grave, layout_small_grid,
          nicolae_ru_awakened_eye, uniq_rupert
Lair:1:   layout_small_grid, grunt_forest_large_clearings
Lair:2:   layout_small_grid, grunt_megastairs_3, uniq_gastronok
Lair:3:   layout_hall_layers, minmay_shoals_entry_beasts,
          chequers_serial_rivers_room_b, zaba_anthell, serial_bayou_shore_b,
          grunt_megastairs_5
Lair:4:   layout_cave_shapes, spider_nest_entry_funnel_web, basic_altar,
          serial_bayou_pond_d, tgw_fedhas, uniq_urug, uniq_kirke
Lair:5:   layout_gridlike, ebering_ghost_inner_flame, serial_bayou_shore_a
Lair:6:   hangedman_lair_tendril_chambers, layout_small_grid,
          nicolae_slime_entry_slimehenge
Shoals:1: layout_shoals, nicolae_shoals_aquamancer_cove
Shoals:2: gammafunk_the_bubble [the_bubble_gammafunk_grid], layout_shoals
Shoals:3: layout_shoals, serial_shops,
          nicolae_shop_temple_entry_statues_fountains, centaur_isle, uniq_aizul,
          uniq_donald
Shoals:4: shoals_end_grunt_ice, layout_shoals, uniq_roxanne
Spider:1: layout_spider_delve
Spider:2: layout_chambers, nicolae_spider_webbed_stairs
Spider:3: layout_spider_delve, uniq_nikola
Spider:4: guppyfry_spider_rune
Slime:1:  layout_caves, cheibrodos_slime_lost_civilization_4
Slime:2:  layout_caves
Slime:3:  layout_caves
Slime:4:  layout_caves, cheibrodos_slime_lost_civilization_6
Slime:5
Orc:1:    layout_diamond_mine, portal_ice_cave_rime, statue_in_the_mist_lemuel,
          uniq_sonja
Orc:2:    grunt_orc_gardens, layout_caves, grunt_orc_garden, grunt_orc_garden,
          grunt_orc_garden, grunt_orc_garden, serial_shops,
          nicolae_shop_statue_plus
Elf:1:    layout_gridlike, serial_shops, shop, minmay_elf_annihilation,
          uniq_agnes
Elf:2:    layout_geoelf_diagonals
Elf:3:    elf_hall_gauntlet_wide, layout_onion_city, serial_shops,
          nicolae_shop_waterfront, shop_fountains, shop, shop,
          gammafunk_ghost_tricky_traps, minivault_26
Vaults:1: nicolae_vaults_circle_grid_a, ontoclasm_vaults_chip, v_misc_10,
          nicolae_vaults_little_squares_4, hangedman_vaults_stretched_pinwheel,
          nicolae_vaults_minivaults, ontoclasm_vaults_eye,
          nicolae_vaults_little_ls, hangedman_vaults_maws,
          vaults_dpeg_encased_lava, layout_vaults_omnicross
Vaults:2: v_misc_2, grunt_vaults_bifocal, nicolae_vaults_yaktaur_gun_rack,
          nicolae_vaults_quartermaster, vaults_room_door_hall,
          ontoclasm_vaults_chip, nicolae_vaults_big_ls, v_pattern_4,
          ontoclasm_vaults_decontamination, nicolae_vaults_theta,
          vaults_room_fancy_cross, grunt_vaults_focal,
          nicolae_vaults_specimen_jars, nicolae_vaults_angled_halls,
          layout_vaults_ring, uniq_margery, uniq_saint_roka
Vaults:3: hangedman_vaults_stitches, nicolae_vaults_circle_grid_b,
          minmay_crypt_entry_simple_corners, v_pattern_3,
          hangedman_vaults_nodes, vaults_room_stairs_pillars,
          nicolae_vaults_network_quincunx
          [nicolae_vaults_network_quincunx_subvault,
          nicolae_vaults_network_quincunx_subvault,
          nicolae_vaults_network_quincunx_subvault,
          nicolae_vaults_network_quincunx_subvault,
          nicolae_vaults_network_quincunx_subvault], nicolae_vaults_asterisk,
          nicolae_vaults_little_squares_3, layout_vaults_chaotic_city, uniq_jory
Vaults:4: v_alt_pattern_4, v_misc_28, nicolae_vaults_theta,
          hangedman_vaults_restitches, nicolae_vaults_what_the_h,
          ontoclasm_vaults_spin, layout_vaults_omnigrid, serial_shops, shop,
          nicolae_trove_entry_columns, uniq_sojobo
Vaults:5: serial_shops, uniq_xtahua
Depths:1: layout_roguey, enter_ziggurat_f, skrybe_limestone_x,
          hangedman_geh_valley, kennysheep_generic_room_14
Depths:2: evilmike_inaccessible_box, layout_small_grid, abyss_entry_flame_altar,
          grunt_pan_entry_spiral, hell_entry, ice2_lemuel
Depths:3: lemuel_minitomb, layout_gridlike, minmay_misc_feat_room,
          grunt_hell_entry_dis_mu, rand_demon_pan_entry_5,
          infiniplex_staircase_trident
Depths:4: nicolae_whirlpool, layout_gridlike,
          nicolae_abyss_entry_one_way_or_another, hell_entry,
          ebering_ghost_inner_flame, chequers_serial_rivers_micro_b,
          infiniplex_staircase_hallway_doors
Depths:5: evilmike_zot_entry_round, layout_small_grid, serial_shops,
          shop_fountains, grunt_mini_vestibule, kennysheep_random_hallway

Skill      XL: |  1  2  3  4  5  6  7  8  9 10 11 12 13 14 15 16 17 18 19 20 21 22 |
---------------+-------------------------------------------------------------------+-----
Armour         | 1 2 3 4 5 6 7 8 9 10 11 12 13 14 15 16 | 16.8
Short Blades   | 2 3 4 5 6 7 9 |  9.7
Fighting       | 2 3 4 5 6 7 8 9 10 11 12 13 14 15 16 17 18 | 18.1
Shields        | 1 3 4 7 9 10 11 12 13 14 15 | 15.0
Long Blades    | 1 5 7 10 11 13 14 16 17 18 19 20 21 | 21.8
Evocations     | 3 5 |  5.0
Dodging        | 2 4 5 6 8 11 12 13 | 13.5
Throwing       | |  0.8
Spellcasting   | |  1.7
Translocations | |  2.6

Action                   |  1- 3 |  4- 6 |  7- 9 | 10-12 | 13-15 | 16-18 | 19-21 | 22-24 || total
-------------------------+-------+-------+-------+-------+-------+-------+-------+-------++-------
Melee: Short sword       |   183 |   273 |   104 |       |       |       |       |       ||   560
       Rapier            |       |       |   694 |   382 |       |       |       |       ||  1076
       Long sword        |       |       |       |   824 |    24 |     7 |       |     7 ||   862
       Unarmed           |       |       |       |    18 |       |       |       |       ||    18
       Demon blade       |       |       |       |    53 |  2251 |  2753 |  3069 |  1050 ||  9176
Throw: Dart              |    25 |    52 |   146 |   131 |     2 |    40 |     7 |       ||   403
       Boomerang         |       |       |     5 |       |       |       |       |       ||     5
       Throwing net      |       |       |     2 |       |       |     2 |       |       ||     4
Evoke: Wand              |       |     6 |    20 |    32 |    17 |    19 |    12 |       ||   106
       Tin of tremorston |       |       |       |       |     2 |     8 |    13 |     1 ||    24
       Box of beasts     |       |       |       |       |       |     2 |       |       ||     2
       Lightning rod     |       |       |       |       |       |       |     2 |       ||     2
  Use: Potion            |       |     3 |     3 |     3 |     2 |    12 |     3 |     6 ||    32
       Scroll            |       |     2 |     7 |    20 |     8 |    16 |    25 |     9 ||    87
 Stab: Invisible         |     2 |     1 |     9 |       |       |     3 |       |     4 ||    19
       Confused          |       |     2 |       |     5 |    10 |       |       |       ||    17
       Held in net/web   |       |       |     1 |       |       |     2 |       |       ||     3
       Paralysed         |       |       |     4 |    29 |    13 |     9 |       |       ||    55
       Distracted        |       |       |       |       |       |     1 |       |       ||     1
  Eat: Chunk             |     6 |     7 |    20 |    38 |    32 |    31 |    15 |     3 ||   152
       Ration            |       |     1 |     1 |     1 |     4 |     9 |    14 |     4 ||    34
Armor: Leather armour    |    15 |       |       |       |       |       |       |       ||    15
       Scale mail        |    49 |    43 |       |       |       |       |       |       ||    92
       Plate armour      |       |    64 |   381 |   392 |   528 |   549 |    25 |       ||  1939
       Skin              |       |       |       |     2 |       |       |       |       ||     2
       Fire dragon scale |       |       |       |       |       |       |   391 |   185 ||   576
       Crystal plate arm |       |       |       |       |       |       |    18 |       ||    18
Dodge: Dodged            |   111 |   123 |   223 |   345 |   375 |   426 |   616 |   298 ||  2517
Block: Buckler           |       |    28 |   427 |   479 |       |       |       |       ||   934
       Reflection        |       |     4 |     8 |    17 |    24 |   133 |   129 |    14 ||   329
       Other             |       |       |       |     4 |       |       |       |       ||     4
       Kite shield       |       |       |       |    55 |  1906 |  2242 |  2153 |   811 ||  7167
       Rpst.: Long sword |       |       |       |    73 |     1 |       |       |       ||    74
       Demon blade       |       |       |       |     1 |    70 |    72 |   107 |    49 ||   299
